 Dungeon Crawl Stone Soup version 0.31-a0-344-gd109795599 (webtiles) character file.

Game seed: 10333854172496600959

12 GordonOverkill the Sneak (level 2, 0/24 HPs)
             Began as a Mummy Delver on July 22, 2023.
             Slain by an iguana (2 damage)
             ... on level 5 of the Dungeon.
             The game lasted 00:01:07 (199 turns).

GordonOverkill the Sneak (Mummy Delver)              Turns: 199, Time: 00:01:07

Health: 0/24       AC:  3    Str: 15    XL:     2   Next: 20%
Magic:  2/2        EV: 11    Int:  9    God:
Gold:   13         SH:  0    Dex: 13    Spells: 1/1 levels left

rFire   x . .        a - +0 mace
rCold   + . .        (no shield)
rNeg    + + +        b - +0 leather armour
rPois   ∞            (no helmet)
rElec   .            (no cloak)
rCorr   .            (no gloves)
SInv    .            (no boots)
Will    +....        (no amulet)
Stlth   ++           h - ring of willpower
HPRegen 0.24/turn    (no ring)
MPRegen 0.08/turn

%: faith
@: no status effects
A: cold resistance 1, negative energy resistance 3, torment resistance 2, heat
vulnerability 1, no potions, faith
a: no special abilities


You were on level 5 of the Dungeon.
You visited 1 branch of the dungeon, and saw 2 of its levels.

You collected 13 gold pieces.

Inventory:

Hand Weapons
 a - a +0 mace (weapon)
Armour
 b - a +0 leather armour (worn)
Jewellery
 h - a ring of willpower (left hand)
Wands
 f - a wand of digging (3)
 g - a wand of polymorph (11)
Scrolls
 c - a scroll of fog
 d - a scroll of revelation
 e - a scroll of fear
 i - a scroll of identify {unknown}


   Skills:
 - Level 3.0 Fighting
 + Level 1.9 Maces & Flails
 - Level 1.5 Dodging
 + Level 4.2 Stealth
 + Level 0.7 Evocations


You had one spell level left.
You didn't know any spells.
Your spell library was empty.

Dungeon Overview and Level Annotations

Branches:
Dungeon (6/15)             Temple (0/1) D:6

Altars:

Annotations:
D:5 exclusion: downstairs
D:6 exclusion: oklob sapling


Innate Abilities, Weirdness & Mutations

You are immune to poison.
Your flesh is cold resistant. (rC+)
You are immune to negative energy. (rN+++)
You are immune to unholy pain and torment.
You are vulnerable to heat. (rF-)
You do not drink.
You have a special connection with the divine. (Faith)


Message History

Marking area around an oklob sapling as unsafe for travelling.
Found a runed ring mail and a sedimented pink potion.
Found a stone staircase leading down and a staircase to the Ecumenical Temple.
There is a stone staircase leading up here.
Unknown command.
Unknown command.
The helpless iguana fails to defend itself.
You hit the iguana but do no damage. The iguana bites you!
Ouch! That really hurt!
* * * LOW HITPOINT WARNING * * *
The iguana misses you. The iguana attacks as you move away!
The iguana barely misses you.
There is a stone staircase leading up here.
The iguana closely misses you.
You climb upwards.
Level annotation: exclusion: downstairs
There is a stone staircase leading down here.
You can't drink.
Unknown command.
Unknown command.
Unknown command.
Unknown command.
Unknown command.
You barely miss the iguana. The iguana misses you.
You hit the iguana.
The iguana is lightly wounded.
The iguana bites you!
* * * LOW HITPOINT WARNING * * *
You completely miss the iguana.
The iguana is lightly wounded.
The iguana closely misses you.
You hit the iguana but do no damage.
The iguana is lightly wounded.
The iguana bites you but does no damage.
The iguana bites you.
* * * LOW HITPOINT WARNING * * *
You hit the iguana but do no damage.
The iguana is lightly wounded.
The iguana bites you.
You die...

### #.# ..# #.# #.#
#.# #.# ###.##### #.#
#.......#
#.####.......#
######.#..........#
.........##.......###
######..†.......@...#
###..#####...l##.#
#....# ###..# .# #
#.##.# #..# # #
#.##.# #..# # #.##.#
#..# # #.##.# #..# #
#.##.#######..# #
#.##..........


You could see an iguana.

Vanquished Creatures
  An adder (D:5)
  A worm (D:5)
2 creatures vanquished.

Notes
Turn   | Place    | Note
-------+----------+-------------------------------------------
     0 | D:5      | GordonOverkill the Mummy Delver began the quest for the
                  | Orb.
     0 | D:5      | Reached XP level 1. HP: 18/18 MP: 1/1
     1 | D:6      | Noticed an ogre
     2 | D:6      | Noticed an ice beast
    30 | D:5      | Reached XP level 2. HP: 17/24 MP: 2/2
   187 | D:6      | Noticed an oklob sapling
   187 | D:6      | Found a staircase to the Ecumenical Temple.
   199 | D:5      | Slain by an iguana

Illustrated notes

Levels and vault maps discovered:
D:5:      layout_loops_ring, ebering_ghost_sewer_f, uniq_duvessa
D:6:      layout_cave_pods, makhleb_grotto_becter, minmay_temple_entry_oklob,
          nicolae_figureground_pulse

Action                     || total
---------------------------++-------
  Melee: Mace              ||    19
   Stab: Sleeping          ||     1
 Armour: Leather armour    ||     2
  Dodge: Dodged            ||    12

Table legend: (Time is in decaauts)
 A = Elapsed time spent in this place.
 B = Non-inter-level travel time spent in this place.
 C = Inter-level travel time spent in this place.
 D = Time resting spent in this place.
 E = Time spent auto-exploring this place.
 F = Levels seen in this place.
 G = Mean time per level.
                   A        B        C        D        E       F      G
               +--------+--------+--------+--------+--------+-----+--------+
         Total |    204 |    204 |      0 |     81 |      0 |   2 |  102.0 |
       Dungeon |    204 |    204 |      0 |     81 |      0 |   2 |  102.0 |
               +--------+--------+--------+--------+--------+-----+--------+

Top non-repeatable levels by time:
     D:5: 195 daAuts
     D:6: 8 daAuts
